 Dungeon Crawl Stone Soup version 0.21.1-1-g345015fe64 (webtiles) character file.

1816 JarielCorvus the Skirmisher (level 9, -10/73 HPs)
             Began as a Merfolk Gladiator on July 12, 2018.
             Was a Follower of Qazlal.
             Killed by divine providence
             ... invoked by an orc priest
              (16 damage)
             ... on level 6 of the Dungeon.
             The game lasted 00:16:15 (6351 turns).

JarielCorvus the Skirmisher (Merfolk Gladiator)     Turns: 6351, Time: 00:16:16

Health: -10/73     AC: 14    Str: 22    XL:     9   Next: 10%
Magic:  9/9        EV:  8    Int:  7    God:    Qazlal [*.....]
Gold:   286        SH:  5    Dex: 16    Spells: 8/8 levels left

rFire    . . .     SeeInvis .   a - +0 long sword
rCold    . . .     Gourm    .   j - +0 buckler
rNeg     . . .     Faith    .   i - +0 plate armour
rPois    .         Spirit   .   o - +1 helmet
rElec    .         Reflect  .   s - scarf {repulsion}
rCorr    .         Harm     .   (no gloves)
MR       .....                  (no boots)
Stlth    ..........             (no amulet)
HPRegen  0.22/turn              (no ring)
MPRegen  0.11/turn              (no ring)

@: mighty, flying, repel missiles
A: change form in water, swift swim, stealthy swim
a: Renounce Religion


You were on level 6 of the Dungeon.
You worshipped Qazlal.
Qazlal was aware of your devotion.
You were hungry.

You visited 2 branches of the dungeon, and saw 7 of its levels.

You collected 286 gold pieces.

Inventory:

Hand Weapons
 a - a +0 long sword (weapon)
 v - a +3 quarterstaff of chaos
Missiles
 d - 3 throwing nets (quivered)
Armour
 b - a +0 leather armour
 c - a +0 helmet
 i - a +0 plate armour (worn)
 j - a +0 buckler (worn)
 o - a +1 helmet (worn)
 s - a scarf of repulsion (worn)
 w - a +0 cloak
Jewellery
 u - an uncursed amulet of magic regeneration {unknown}
 x - a cursed ring of loudness {unknown}
Wands
 p - a wand of polymorph (9)
Scrolls
 e - 2 scrolls of immolation
 g - 7 scrolls of remove curse
 m - a scroll of teleportation
 y - a scroll of fog
 A - a scroll of amnesia
 B - a scroll of enchant weapon {unknown}
Potions
 h - a potion of berserk rage
 k - a potion of agility
 l - 4 potions of heal wounds {unknown}
 q - 2 potions of magic
 r - a potion of flight
 t - a potion of degeneration {unknown}
 z - a potion of might
 C - a potion of lignification {unknown}
Books
 n - a book of Misfortune

   Spells                             Type                      Level
   a - Confusing Touch                Hexes                        1
   b - Confuse                        Hexes                        3
   c - Gell's Gravitas                Translocation                3
   d - Petrify                        Transmutation/Earth          4
   e - Metabolic Englaciation         Hexes/Ice                    5
   f - Yara's Violent Unravelling     Hexes/Transmutation          5
Comestibles
 f - 8 rations


   Skills:
 * Level 7.6 Fighting
 + Level 6.1 Long Blades
 + Level 4.9 Throwing
 * Level 4.7 Armour
 - Level 4.3 Dodging


You had 8 spell levels left.
You didn't know any spells.

Dungeon Overview and Level Annotations

Branches:
Dungeon (6/15)             Temple (1/1) D:4

Altars:
Ashenzari
Cheibriados
Dithmenos
Gozag
Hepliaklqana
Makhleb
Nemelex Xobeh
Qazlal
Wu Jian
Xom
Jiyva

Shops:
D:4 }


Message History

The gnoll dissolves into shadows! x2
It was a potion of flight.
You feel very buoyant.
You fly up into the air.
It was a potion of might.
You feel very mighty all of a sudden. The orc barely misses you.
Things that are here:
a club; a leather armour You slash the orc!
You kill the orc!
Qazlal accepts your kill.
You completely miss the orc. The orc hits you but does no damage.
You block the orc's attack.
You slice the orc!!
You kill the orc!
Qazlal accepts your kill.
The orc priest invokes the aid of Beogh against you.
Beogh smites you!
You die...

..........# ##..<...######++#
.....#....#######.....#..###.#...
.............................#...
......≈≈≈≈≈####....#######.......
......≈###≈###..##.# #.....#.....
.......'_#≈##..###.###.#####.#...
##.###≈###≈....# #..#..# #.#...
##.# #≈≈≈≈≈....####...## #.#...
#.# #..#.....o[@.....# #.#... #.#
#........o#####.## #.#... #.#
#.#......## #.# #.#..# .....
####''## ... #..# .... ≈≈..§
..... #..# ≈≈.....§ #..... ..##
#≈≈...##... ##..... ... §≈....
.... #..... ... ≈..... .....


You could see 2 orc priests.

Vanquished Creatures
  Pikel (D:5)
  A water moccasin (D:5)
  2 slaves (D:5)
  A sky beast (D:5)
  2 ice beasts
  A phantom (D:4)
  2 scorpions
  The ghost of Schimscham the Firebug, a weakling OpFE (D:3)
  7 crimson imps
  2 hounds (D:5)
  Crazy Yiuf (D:3)
  A bullfrog zombie (D:6)
  3 orc priests (D:5)
  A centaur skeleton (D:4)
  An iguana (D:6)
  3 orc wizards (D:5)
  2 worker ants
  6 adders
  A shadow imp (D:6)
  An ooze (D:4)
  A worm (D:3)
  4 dart slugs
  3 leopard geckos
  12 orcs
  3 giant cockroaches
  10 goblins
  6 hobgoblins
  13 jackals
  A kobold (D:1)
  4 quokkas
  A ball python (D:5)
  6 bats
  3 frilled lizards
  A quokka zombie (D:5)
  6 rats
114 creatures vanquished.

Vanquished Creatures (others)
  A crimson imp (D:5)
1 creature vanquished.

Grand Total: 115 creatures vanquished

Notes
Turn   | Place    | Note
-------+----------+-------------------------------------------
     0 | D:1      | JarielCorvus the Merfolk Gladiator began the quest for the Orb.
     0 | D:1      | Reached XP level 1. HP: 16/16 MP: 1/1
   419 | D:1      | Reached XP level 2. HP: 21/23 MP: 2/2
   904 | D:1      | Reached XP level 3. HP: 26/28 MP: 3/3
  1057 | D:2      | Found an ornate altar of the Wu Jian Council.
  1147 | D:2      | Reached skill level 3 in Fighting
  1238 | D:2      | Found a shattered altar of Ashenzari.
  1247 | D:2      | Reached skill level 1 in Armour
  1332 | D:2      | Reached XP level 4. HP: 34/35 MP: 4/4
  2072 | D:3      | Found a hazy altar of Hepliaklqana.
  2124 | D:3      | Noticed an ice beast
  2133 | D:3      | Killed an ice beast
  2133 | D:3      | Reached skill level 4 in Fighting
  2133 | D:3      | Reached XP level 5. HP: 12/42 MP: 5/5
  2609 | D:3      | Noticed Schimscham's ghost (weakling OpFE)
  2618 | D:3      | Killed Schimscham's ghost
  2618 | D:3      | Reached XP level 6. HP: 37/49 MP: 6/6
  2843 | D:3      | Found a faded altar of an unknown god.
  2941 | D:3      | Found a runed door.
  3019 | D:3      | Noticed Crazy Yiuf
  3037 | D:3      | Killed Crazy Yiuf
  3326 | D:4      | Found a snail-covered altar of Cheibriados.
  3354 | D:4      | Found an opulent altar of Gozag.
  3434 | D:4      | Noticed a phantom
  3435 | D:4      | Found Sigump's Gadget Emporium.
  3462 | D:4      | Killed a phantom
  3583 | D:4      | Found a staircase to the Ecumenical Temple.
  3595 | Temple   | Entered the Ecumenical Temple
  3611 | Temple   | Became a worshipper of Qazlal Stormbringer
  3741 | D:4      | Reached XP level 7. HP: 55/55 MP: 7/7
  3843 | D:5      | Entered Level 5 of the Dungeon
  3921 | D:5      | Reached skill level 5 in Fighting
  3986 | D:5      | HP: 1/56 [orc priest/divine providence (13)]
  4381 | D:5      | Reached skill level 5 in Long Blades
  4655 | D:5      | Reached skill level 6 in Fighting
  4655 | D:5      | Reached XP level 8. HP: 55/64 MP: 8/8
  5356 | D:5      | Reached * piety under Qazlal
  5697 | D:5      | Noticed Pikel
  5725 | D:5      | Killed Pikel
  5725 | D:5      | Reached skill level 7 in Fighting
  6106 | D:6      | Reached XP level 9. HP: 67/72 MP: 9/9
  6272 | D:6      | Found a shadowy altar of Dithmenos.
  6351 | D:6      | Killed from afar by an orc priest

Skill      XL: |  1  2  3  4  5  6  7  8  9 |
---------------+----------------------------+-----
Fighting       | 3 4 6 7 |  7.6
Armour         | 1 2 3 4 |  4.7
Long Blades    | 4 5 6 |  6.1
Throwing       | 3 4 |  4.9
Dodging        | |  4.3

Action                   |  1- 3 |  4- 6 |  7- 9 || total
-------------------------+-------+-------+-------++-------
Melee: Long sword        |   131 |   128 |   398 ||   657
  Use: Scroll            |     4 |     8 |     3 ||    15
       Potion            |       |     1 |     2 ||     3
  Eat: Chunk             |     2 |     4 |     2 ||     8
       Ration            |       |     1 |     2 ||     3
Armor: Leather armour    |     5 |       |       ||     5
       Plate armour      |   108 |    86 |   345 ||   539
Dodge: Dodged            |    46 |    24 |   124 ||   194
Block: Buckler           |     6 |    18 |    62 ||    86
       Rpst.: Long sword |    17 |    16 |    35 ||    68
